 Dungeon Crawl Stone Soup version 0.30.1-4-g462c640d31 (webtiles) character file.

Game seed: 13617151203137296133

5989 rakiston the Zephyrmancer (level 10, -3/77 HPs)
             Began as a Gnoll Wanderer on Aug 30, 2023.
             Was an Initiate of Ashenzari.
             Slain by a death yak (12 damage)
             ... on level 7 of the Dungeon on Sept 1, 2023.
             The game lasted 02:00:39 (9349 turns).

rakiston the Zephyrmancer (Gnoll Wanderer)          Turns: 9349, Time: 02:00:39

Health: -3/77      AC: 14    Str: 19    XL:     10   Next: 85%
Magic:  18/19      EV: 11    Int: 16    God:    Ashenzari [......]
Gold:   493        SH:  0    Dex: 10    Spells: 17/22 levels left

rFire   . . .        W - +2 whip (freeze)
rCold   . . .        (no shield)
rNeg    . . .        b - +0 scale mail
rPois   +            (no helmet)
rElec   .            u - +1 cloak
rCorr   .            s - +0 pair of gloves
SInv    .            j - +2 pair of boots "Gaze Upon Infinity" {rampage, Elem, Melee} (curse)
Will    .....        y - amulet of regeneration
Stlth   ++           g - +6 ring of strength
HPRegen 1.12/turn    B - ring of poison resistance
MPRegen 0.16/turn

%: rampage
@: no status effects
A: fangs 1, strong nose, distributed training
a: Renounce Religion, Shatter the Chains


You were on level 7 of the Dungeon.
You worshipped Ashenzari.
Ashenzari was noncommittal.
You visited 2 branches of the dungeon, and saw 11 of its levels.
You also visited: Bailey.

You collected 493 gold pieces.

Inventory:

Hand Weapons
 a - a +0 quarterstaff
 e - a +3 dagger
 h - a +4 morningstar
 o - a +0 broad axe
 x - a +1 whip of electrocution
 I - a +0 morningstar
 U - the +5 whip of the Seven Heavens {heavy, Dex+2}
   (You found it on level 8 of the Dungeon)

   Dex:       It affects your dexterity (+2).
 W - a +2 whip of freezing (weapon)
Missiles
 i - 21 boomerangs
 l - a throwing net
 q - 4 poisoned darts (quivered)
 t - 4 atropa-tipped darts
 G - a curare-tipped dart
Armour
 b - a +0 scale mail (worn)
 j - the cursed +2 pair of boots "Gaze Upon Infinity" (worn) {rampage, Elem, Melee}
   (You found it on level 9 of the Dungeon)

   It has a curse which improves the following skills: Elements: Fire Magic, Ice
   Magic, Air Magic and Earth Magic.
   Melee Combat: Short Blades, Long Blades, Axes, Maces & Flails, Polearms,
   Staves and Unarmed Combat.
 k - a +0 pair of boots
 s - a +0 pair of gloves (worn)
 u - a +1 cloak (worn)
 M - a +0 pair of boots
 T - +0 steam dragon scales
Magical Staves
 r - a staff of earth
 P - a staff of death
Jewellery
 g - a +6 ring of strength (left hand)
 y - an amulet of regeneration (around neck)
 B - a ring of poison resistance (right hand)
 H - a ring of protection from cold
 R - an amulet of guardian spirit
Wands
 C - a wand of paralysis (1)
Scrolls
 d - a scroll of identify
 f - 3 scrolls of immolation
 m - 2 scrolls of vulnerability
 p - a scroll of noise {unknown}
 w - 2 scrolls of enchant armour {unknown}
 z - a scroll of poison {unknown}
 E - a scroll of enchant weapon {unknown}
 F - a scroll of magic mapping
 K - 2 scrolls of amnesia
 V - a scroll of blinking {unknown}
Potions
 c - a potion of invisibility
 n - 2 potions of degeneration
 v - 7 potions of flight
 A - a potion of cancellation
 D - 2 potions of resistance
 J - a potion of attraction {unknown}
 L - a potion of brilliance {unknown}
 O - 2 potions of berserk rage {unknown}
 Q - a potion of curing
 S - 2 potions of magic


   Skills:
 + Level 6.5 Fighting
 + Level 5.9(6.2) Short Blades
 + Level 5.9(6.2) Long Blades
 + Level 5.9(6.2) Axes
 + Level 5.9(6.2) Maces & Flails
 + Level 5.9(6.2) Polearms
 + Level 7.5(7.9) Staves
 + Level 5.9 Ranged Weapons
 + Level 5.9 Throwing
 + Level 6.5 Armour
 + Level 5.9 Dodging
 + Level 5.9 Stealth
 + Level 5.9 Shields
 + Level 5.9(6.2) Unarmed Combat
 + Level 6.6 Spellcasting
 + Level 4.8 Conjurations
 + Level 4.8 Hexes
 + Level 4.8 Summonings
 + Level 4.8 Necromancy
 + Level 4.8 Translocations
 + Level 4.8 Transmutations
 + Level 4.8(5.2) Fire Magic
 + Level 4.8(5.2) Ice Magic
 + Level 8.7(9.1) Air Magic
 + Level 4.8(5.2) Earth Magic
 + Level 4.8 Poison Magic
 + Level 6.4 Invocations
 + Level 6.5 Evocations


You had 17 spell levels left.
You knew the following spells:

 Your Spells              Type           Power      Damage    Failure   Level
a - Shock                 Conj/Air       100%       1d9       1%          1
b - Swiftness             Air            34%        N/A       2%          3
c - Slow                  Hex            80%        N/A       4%          1

Your spell library contained the following spells:

 Spells                   Type           Power      Damage    Failure   Level
 Apportation              Tloc           40%        N/A       4%          1
 Foxfire                  Conj/Fire      84%        2x1d8     4%          1
 Magic Dart               Conj           80%        1d7       4%          1
 Necrotise                Necr           80%        1d8       4%          1
 Summon Small Mammal      Summ           80%        N/A       4%          1
 Cigotuvi's Dreadful Rot  Necr/Pois/Air  50%        N/A       4%          2
 Searing Ray              Conj           40%        2d5       7%          2
 Confusing Touch          Hex            20%        N/A       14%         3
 Portal Projectile        Hex/Tloc       40%        N/A       14%         3
 Tukima's Dance           Hex            20%        N/A       14%         3
 Vampiric Draining        Necr           20%        2d7       14%         3
 Fulminant Prism          Conj/Hex       10%        3d9       43%         4
 Passage of Golubria      Tloc           20%        N/A       43%         4
 Fireball                 Conj/Fire      10%        3d6       77%         5
 Blade Hands              Tmut           10%        N/A       78%         5
 Yara's Violent Unravell  Hex/Tmut       10%        3d6       78%         5
 Plasma Beam              Fire/Air       14%        2x1d27    95%         6
 Starburst                Conj/Fire      10%        6d5       100%        6


Dungeon Overview and Level Annotations

Branches:
Dungeon (10/15)            Temple (1/1) D:7            Lair (0/5) D:8
 Bailey (visited)
    Orc: D:9-12

Altars:
Ashenzari
Cheibriados
Dithmenos
Elyvilon
Fedhas
Gozag
Makhleb
Nemelex Xobeh
Okawaru
Qazlal
Ru
Sif Muna
Trog
Uskayaw
Vehumet
Wu Jian
Xom
Yredelemnul
Zin
The Shining One

Shops:
D:1 =   D:6 *

Annotations:
D:3 1 runed translucent door, turdburglar's ghost, amateur GnWn


Innate Abilities, Weirdness & Mutations

You have very sharp teeth.
Your uncanny sense of smell can sniff out nearby items.
Your experience applies equally to all skills.


Message History

The death yak gores you!!
Okay, then.
You feel much better. The death yak gores you!!
There's nothing to close nearby.
Aiming: Paralyse
Press: ? - help, Shift-Dir - straight line, f - death yak, p - death yak
Aim: a death yak (lightly wounded, chance to affect: 6%)
The death yak resists with almost no effort.
The death yak gores you!!
* * * LOW HITPOINT WARNING * * *
The death yak attacks as you move away! The death yak barely misses you.
The death yak looks more healthy.
The death yak snorts and paws the ground.
The death yak attacks as you move away!
The death yak gores you but does no damage.
The death yak attacks as you move away! The death yak misses you.
The death yak attacks as you move away! The death yak misses you.
There is a stone staircase leading up here.
You can't go down here!
The death yak gores you but does no damage.
You climb upwards.
There is a stone staircase leading down here.
Casting: Shock (safe; 1% risk of failure)
Confirm with . or Enter, or press ? or * to list all spells.
You don't know that spell.
Okay, then.
Casting: Shock (safe; 1% risk of failure)
Confirm with . or Enter, or press ? or * to list all spells.
Aiming: Slow (safe; 4% risk of failure)
Press: ? - help, Shift-Dir - straight line, f - death yak
Aim: a death yak (lightly wounded, chance to affect: 2%)
The death yak resists with almost no effort.
The death yak gores you!
* * * LOW HITPOINT WARNING * * *
The death yak attacks as you move away! The death yak gores you!
* * * LOW HITPOINT WARNING * * *
You barely miss the death yak. You barely miss the death yak.
The death yak misses you.
You hit the death yak but do no damage. The death yak gores you!
You die...

.#.....####
#########.........
.#####....# ########
#####...## .# ####.#
#......# #...## .###
#.# #......# ##...#
...######)####......#
#.#.#
.>....).)...........#
#.#..
...#########.#....>.#
#.#.. #### #....Y...#
#.... ###..@...#
###.. #......# #..
#(.....# #.. #......#
#.. ######## #.. ###


You could see a death yak.

Vanquished Creatures
  Pikel (D:8)
  Joseph (D:8)
  Maurice (D:9)
  4 vampire mosquitoes (D:9)
  2 steam dragons (D:8)
  A water moccasin (D:5)
  12 orc warriors
  A sky beast (D:7)
  2 black bears
  An ice beast (D:6)
  An ogre (D:3)
  2 phantoms
  3 lemures (D:8)
  Blork the orc (D:6)
  2 kobold brigands
  3 bullfrogs
  A gnoll sergeant (D:8)
  2 scorpions
  3 wights (D:8)
  9 killer bees
  A howler monkey (D:7)
  2 orc priests (D:8)
  3 hounds
  A gnoll bouda (D:7)
  A sleepcap (D:7)
  2 iguanas
  3 hell rats (D:8)
  Natasha (thrice) (D:3)
  11 orc wizards
  12 gnolls
  10 adders
  2 river rats (D:8)
  3 shadow imps (D:6)
  2 white imps (D:7)
  An ufetubus (D:6)
  3 worms
  5 dart slugs
  22 orcs
  7 bats
  8 endoplasms
  6 giant cockroaches
  29 goblins
  6 hobgoblins
  4 quokkas
  4 ball pythons
  6 frilled lizards
  21 kobolds
  2 rats
233 creatures vanquished.

Notes
Turn   | Place    | Note
-------+----------+-------------------------------------------
     0 | D:1      | rakiston the Gnoll Wanderer began the quest for the Orb.
     0 | D:1      | rakiston set off with the following items: a +0
                  | quarterstaff, a +0 scale mail, a potion of invisibility;
                  | and the following spell memorised: Shock; and the following
                  | spells available to memorise: Swiftness, Cigotuvi's
                  | Dreadful Rot.
     0 | D:1      | Reached XP level 1. HP: 17/17 MP: 4/4
   170 | D:1      | Found Gaobigun's Jewellery Boutique.
   207 | D:1      | Found a faded altar of an unknown god.
   243 | D:1      | Reached XP level 2. HP: 23/23 MP: 5/5
   860 | D:2      | Reached XP level 3. HP: 28/28 MP: 0/7
   863 | D:2      | Reached skill level 1 in Invocations
   935 | D:2      | Reached skill level 1 in Short Blades
   935 | D:2      | Reached skill level 1 in Long Blades
   935 | D:2      | Reached skill level 1 in Axes
   935 | D:2      | Reached skill level 1 in Maces & Flails
   935 | D:2      | Reached skill level 1 in Polearms
   935 | D:2      | Reached skill level 1 in Ranged Weapons
   935 | D:2      | Reached skill level 1 in Throwing
   935 | D:2      | Reached skill level 1 in Dodging
   935 | D:2      | Reached skill level 1 in Stealth
   935 | D:2      | Reached skill level 1 in Shields
   935 | D:2      | Reached skill level 1 in Unarmed Combat
   952 | D:2      | Reached XP level 4. HP: 33/34 MP: 0/8
  1078 | D:2      | Reached skill level 1 in Conjurations
  1078 | D:2      | Reached skill level 1 in Hexes
  1078 | D:2      | Reached skill level 1 in Summonings
  1078 | D:2      | Reached skill level 1 in Necromancy
  1078 | D:2      | Reached skill level 1 in Translocations
  1078 | D:2      | Reached skill level 1 in Transmutations
  1078 | D:2      | Reached skill level 1 in Fire Magic
  1078 | D:2      | Reached skill level 1 in Ice Magic
  1078 | D:2      | Reached skill level 1 in Earth Magic
  1078 | D:2      | Reached skill level 1 in Poison Magic
  1239 | D:2      | Noticed a phantom
  1261 | D:2      | Killed a phantom
  1262 | D:2      | Reached XP level 5. HP: 41/41 MP: 3/9
  1503 | D:2      | Noticed a black bear
  1511 | D:2      | Killed a black bear
  1512 | D:2      | Reached skill level 5 in Staves
  1512 | D:2      | Reached XP level 6. HP: 42/47 MP: 5/11
  1719 | D:3      | Learned a level 3 spell: Swiftness
  1722 | D:3      | Noticed Natasha
  1725 | D:3      | Killed Natasha
  1936 | D:3      | Found a runed translucent door.
  1943 | D:3      | Noticed turdburglar's ghost (amateur GnWn)
  2295 | D:3      | Noticed Natasha
  2306 | D:3      | Killed Natasha
  2307 | D:3      | Reached XP level 7. HP: 50/52 MP: 1/12
  2747 | D:3      | Noticed Natasha
  2752 | D:3      | Killed Natasha
  2842 | D:4      | Found a glowing silver altar of Zin.
  3020 | D:4      | Found a shimmering blue altar of Sif Muna.
  3749 | D:5      | Entered Level 5 of the Dungeon
  3841 | D:5      | Reached XP level 8. HP: 60/60 MP: 2/14
  5223 | D:6      | Noticed Blork the orc
  5247 | D:6      | Killed Blork the orc
  5657 | D:6      | Found Piavo's Lightly-Used Armoury.
  6060 | D:7      | Reached XP level 9. HP: 66/66 MP: 3/16
  6094 | D:7      | Found an iron altar of Okawaru.
  6187 | D:7      | Reached skill level 5 in Spellcasting
  6507 | D:7      | Found a staircase to the Ecumenical Temple.
  6516 | Temple   | Entered the Ecumenical Temple
  6589 | Temple   | Became a worshipper of Ashenzari the Shackled
  6668 | D:8      | Noticed Pikel
  6671 | D:8      | Reached skill level 8 in Air Magic
  6677 | D:8      | Reached skill level 5 in Fighting
  6677 | D:8      | Reached skill level 5 in Armour
  6677 | D:8      | Reached skill level 5 in Evocations
  6908 | D:8      | You fall into a shaft and drop 2 floors!
  6908 | D:10     | Entered Level 10 of the Dungeon
  6971 | D:9      | Noticed Maurice
  7079 | D:9      | Killed Maurice
  7080 | D:9      | Reached skill level 5 in Invocations
  7131 | D:9      | Found a flagged portal.
  7145 | Bailey   | Entered a bailey
  7212 | Bailey   | HP: 3/68 [orc warrior/+0 war axe (4)]
  7471 | Bailey   | Reached skill level 5 in Short Blades
  7471 | Bailey   | Reached skill level 5 in Long Blades
  7471 | Bailey   | Reached skill level 5 in Axes
  7471 | Bailey   | Reached skill level 5 in Maces & Flails
  7471 | Bailey   | Reached skill level 5 in Polearms
  7471 | Bailey   | Reached skill level 5 in Ranged Weapons
  7471 | Bailey   | Reached skill level 5 in Throwing
  7471 | Bailey   | Reached skill level 5 in Dodging
  7471 | Bailey   | Reached skill level 5 in Stealth
  7471 | Bailey   | Reached skill level 5 in Shields
  7471 | Bailey   | Reached skill level 5 in Unarmed Combat
  7471 | Bailey   | Reached XP level 10. HP: 76/76 MP: 10/18
  8200 | D:8      | Killed Pikel
  8249 | D:8      | Identified the +5 whip of the Seven Heavens {heavy, Dex+2}
  8304 | D:8      | Found a glowing golden altar of the Shining One.
  8304 | D:8      | Found a blossoming altar of Fedhas.
  8305 | D:8      | Found a white marble altar of Elyvilon.
  8498 | D:8      | Noticed Joseph
  8703 | D:8      | Found a staircase to the Lair.
  8703 | D:8      | Noticed a death yak
  8706 | D:8      | Noticed a death yak
  8710 | D:8      | Noticed a death yak
  9040 | D:8      | Killed Joseph
  9248 | D:8      | Found a bloodstained altar of Trog.
  9307 | D:8      | Learned a level 1 spell: Slow
  9349 | D:7      | Slain by a death yak

Illustrated notes

Levels and vault maps discovered:
D:1:      tarquinn_simple_flora_water_a, layout_basic,
          shapermc_ecumenical_altar_totnotflames, serial_shops, shop
D:2:      layout_loops_cross
D:3:      kb_forest_paths, layout_basic, ebering_ghost_sewer_d,
          minmay_ogre_servants, uniq_natasha
D:4:      layout_loops_ring, mainiacjoe_overflow_concentric_impassable,
          led_sif_book, minmay_cut_off
D:5:      layout_basic
D:6:      minmay_general_purpose_star, layout_basic, serial_co_window_serial,
          co_window_corner_a, co_window_corner_a, co_window_corner_a,
          co_window_paths_a, co_window_of_opportunity_a, co_window_corner_a,
          co_window_paths_c, co_window_corner_b, co_window_of_opportunity_c,
          co_window_corner_ca, co_window_cross_4, co_window_corner_b,
          co_window_of_opportunity_c, co_window_paths_d, co_window_4corner_a,
          glass_columns_a, glass_columns_a, glass_columns_b, glass_columns_a,
          minmay_shop_damaged, uniq_blork_the_orc
D:7:      layout_rooms, kennysheep_okawaru_gauntlet,
          minmay_temple_entry_enclosed_plants, kennysheep_generic_room_5
D:8:      layout_layer_cave, mainiacjoe_overflow_catwalk,
          chequers_temple_overflow_statue_of_worship, dpeg_lair_monsters,
          uniq_joseph, uniq_pikel
D:9:      layout_loops_corners, nicolae_hepliaklqana_hazy_memory,
          kennysheep_orc_monster_closet_entryway, enter_bailey_5,
          nicolae_kite_square_tiling_tiny, eino_house_with_fridge, uniq_maurice,
          uniq_psyche
D:10:     layout_gridville, lemuel_mausoleum_altar_kikubaaqudgha
Temple:   nicolae_temple_ecumenical_triangle

Skill      XL: |  1  2  3  4  5  6  7  8  9 10 |
---------------+-------------------------------+-----
Invocations    | 1 2 3 4 5 6 |  6.4
Short Blades   | 1 2 3 5 |  5.9
Long Blades    | 1 2 3 5 |  5.9
Axes           | 1 2 3 5 |  5.9
Maces & Flails | 1 2 3 5 |  5.9
Polearms       | 1 2 3 5 |  5.9
Ranged Weapons | 1 2 3 5 |  5.9
Throwing       | 1 2 3 5 |  5.9
Dodging        | 1 2 3 5 |  5.9
Stealth        | 1 2 3 5 |  5.9
Shields        | 1 2 3 5 |  5.9
Unarmed Combat | 1 2 3 5 |  5.9
Spellcasting   | 3 4 5 6 |  6.6
Conjurations   | 1 2 3 4 |  4.8
Hexes          | 1 2 3 4 |  4.8
Summonings     | 1 2 3 4 |  4.8
Necromancy     | 1 2 3 4 |  4.8
Translocations | 1 2 3 4 |  4.8
Transmutations | 1 2 3 4 |  4.8
Fire Magic     | 1 2 3 4 |  4.8
Ice Magic      | 1 2 3 4 |  4.8
Earth Magic    | 1 2 3 4 |  4.8
Poison Magic   | 1 2 3 4 |  4.8
Fighting       | 3 4 5 6 |  6.5
Armour         | 3 4 5 6 |  6.5
Evocations     | 3 4 5 6 |  6.5
Staves         | 5 6 7 |  7.5
Air Magic      | 8 |  8.7

Action                     |  1- 3 |  4- 6 |  7- 9 | 10-12 || total
---------------------------+-------+-------+-------+-------++-------
  Melee: Quarterstaff      |    38 |    59 |       |       ||    97
         Dagger            |     3 |       |       |       ||     3
         Bite              |     2 |     7 |    21 |    10 ||    40
         Whip              |       |    17 |   278 |   113 ||   408
         Punch             |       |       |     4 |     5 ||     9
  Throw: Dart              |       |       |       |     9 ||     9
   Cast: Shock             |    27 |    57 |   269 |   117 ||   470
         Swiftness         |       |       |     3 |     1 ||     4
         Slow              |       |       |       |     1 ||     1
 Invoke: Curse Item        |       |       |       |     1 ||     1
  Evoke: Wand              |       |       |       |     3 ||     3
    Use: Scroll            |       |     2 |    15 |     5 ||    22
         Potion            |       |     1 |    12 |     1 ||    14
   Stab: Paralysed         |       |       |       |     1 ||     1
 Armour: Scale mail        |    15 |    39 |   181 |    70 ||   305
  Dodge: Dodged            |    14 |    40 |   178 |    99 ||   331
